[Event "*** SCC Grand Prix: Titled Tuesday Blitz"]
[Site "Chess.com"]
[Date "2020.06.09"]
[Round "9"]
[White "Logman74"]
[Black "Kostya26"]
[Result "0-1"]
[WhiteElo "2340"]
[BlackElo "2424"]
[TimeControl "180+1"]
[EndTime "10:46:45 PDT"]
[Termination "Kostya26 won on time"]

1. e4 c5 2. Nf3 Nc6 3. d4 cxd4 4. Nxd4 e5 5. Nb5 d6 6. c4 Be7 7. N1c3 a6 8. Na3 f5 9. exf5 Bxf5 10. Bd3 Be6 11. O-O Nf6 12. Be3 O-O 13. Ne4 d5 14. Nxf6+ Bxf6 15. cxd5 Bxd5 16. Bc4 Bxc4 17. Nxc4 Nd4 18.
Bxd4 exd4 19. Qd3 b5 20. Nd2 Qb6 21. Ne4 Rad8 22. Rac1 g6 23. Rc5 Bg7 24. Rfc1 Bh6 25. Rc6 Qa5 26. Qb3+ Kh8 27. Rd1 d3 28. Nd6 Rd7 29.
Qxd3 Qxa2 30. Qh3 Qxb2 31. Rf1 Qg7 32. Rxa6 b4 33. Qb3 Qd4 34. Nb5 Qc5 35. Ra5 Rxf2 36. Ra8+ Rf8+ 37. Kh1 Rxa8 38. Qf3 Rf8 39. Qd1 Rxd1 0-1

[Event "*** SCC Grand Prix: Titled Tuesday Blitz"]
[Site "Chess.com"]
[Date "2020.06.09"]
[Round "9"]
[White "nihalsarin"]
[Black "vugarrasulov"]
[Result "0-1"]
[WhiteElo "2978"]
[BlackElo "2831"]
[TimeControl "180+1"]
[EndTime "10:46:46 PDT"]
[Termination "vugarrasulov won by resignation"]

1. e4 e6 2. d4 d5 3. Nc3 Nf6 4. e5 Nfd7 5. f4 c5 6. Nf3 Nc6 7. Be3 Qb6 8. Na4 Qa5+ 9. c3 c4 10. b4 Nxb4 11. cxb4 Bxb4+ 12. Kf2 b5 13. Nc5 Nxc5 14. dxc5 Bd7 15. Be2 Bc3 16. Rc1 b4 17. Bd4 Ba4 18. Qg1 Bxd4+ 19. Nxd4 Qxc5 20. Kg3 O-O 21. f5 Rae8 22. fxe6 fxe6 23. Qe3 Bd7 24. Bh5 Rb8 25. Rhe1 a5 26. Bg4 Qe7 27. Nf3 a4 28. Qa7 b3 29. axb3 axb3 30. h4 b2 31. Rb1 c3 32. Re2 Qf7 33. Ng5 Qf4+ 34. Kh3 h5 35. Bxh5 Qf5+ 36. Kh2 Qxb1 37. Qxd7 Qf5 38. Nxe6 Rf7 39.
Bxf7+ Qxf7 40. Qd6 b1=Q 41. Ng5 Qf4+ 42. g3 Qg1+ 43.
Kxg1 Qxg3+ 0-1

[Event "*** SCC Grand Prix: Titled Tuesday Blitz"]
[Site "Chess.com"]
[Date "2020.06.09"]
[Round "9"]
[White "HElissalt"]
[Black "mamonika"]
[Result "1-0"]
[WhiteElo "2202"]
[BlackElo "1934"]
[TimeControl "180+1"]
[EndTime "10:46:47 PDT"]
[Termination "HElissalt won on time"]

1. c4 Nf6 2. Nc3 d6 3. d3 e5 4.
Nf3 g6 5. Bg5 Bg7 6. g3 O-O 7.
Bg2 Be6 8. O-O Nbd7 9. Qc1 c6 10. Bh6 Ne8 11. Bxg7 Nxg7 12. b4 f5 13. b5 Nf6 14.
bxc6 bxc6 15. Qa3 Qc7 16. Rab1 Rab8 17. Nd2 Rxb1 18. Rxb1 Bd7 19. Qa6 Rb8 20. Rxb8+ Qxb8 21. Nb3 Qb6 22. Qxb6 axb6 23. Na4 b5 24. Nb6 Be8 25. Na5 e4 26. Nb7 d5 27. cxb5 cxb5 28. Nc5 Kf7 29.
d4 Ne6 30. e3 Nxc5 31. dxc5 Nd7 32. Nxd7 Bxd7 33. Kf1 Ke7 34. Ke1 Kd8 35. Kd2 Kc7 36. Kc3 Kc6 37. Kd4 b4 38. Bf1 Bc8 39. Be2 Bb7 40. h4 h5 41. Bd1 Ba6 42. Ba4+ Kc7 43.
Kxd5 Bd3 44. Bb3 Kd7 45. Ke5 Kc6 46. Kd4 1-0

[Event "*** SCC Grand Prix: Titled Tuesday Blitz"]
[Site "Chess.com"]
[Date "2020.06.09"]
[Round "9"]
[White "Kildepiotr"]
[Black "Alex_Banzea"]
[Result "1-0"]
[WhiteElo "2616"]
[BlackElo "2460"]
[TimeControl "180+1"]
[EndTime "10:46:48 PDT"]
[Termination "Kildepiotr won on time"]

1. Nf3 Nf6 2. g3 g6 3. Bg2 Bg7 4. O-O O-O 5. d4 d6 6. Nbd2 Nbd7 7. e4 c6 8. Qe2 e5 9. dxe5 dxe5 10. a4 a5 11. b3 Qc7 12. Bb2 Re8 13. Nc4 b5 14. axb5 cxb5 15. Ne3 Bb7 16. Qxb5 Ba6 17. Qxa5 Qxa5 18. Rxa5 Bxf1 19. Rxa8 Rxa8 20. Bxf1 Nxe4 21. Bb5 Nec5 22. b4 Rb8 23. c4 Nd3 24. Bc3 e4 25. Bxg7 Kxg7 26. Nd4 N7e5 27. Nd5 Nf3+ 28. Nxf3 exf3 29.
g4 Ra8 30. h3 Ra1+ 31. Kh2 Rb1 32. Kg3 Nxb4 33. Nxb4 Rxb4 34. Kxf3 Rb2 35. Bc6 Rb3+ 36. Kg2 g5 37. Bd5 Rc3 38. Kf1 Rxh3 39. c5 Rc3 40. c6 Rc5 41. Be4 Kf6 42. Ke2 Ke5 43. f3 h5 44. gxh5 f5 45. h6 fxe4 46. h7 Rc2+ 47. Kd1 Rh2 48. c7 Rxh7 49. c8=Q exf3 50. Qg4 Rh1+ 51. Kd2 Rh2+ 52. Ke3 1-0

[Event "*** SCC Grand Prix: Titled Tuesday Blitz"]
[Site "Chess.com"]
[Date "2020.06.09"]
[Round "9"]
[White "giantslayer83"]
[Black "Guenplen"]
[Result "1-0"]
[WhiteElo "2762"]
[BlackElo "2902"]
[TimeControl "180+1"]
[EndTime "10:46:49 PDT"]
[Termination "giantslayer83 won on time"]

1. d4 d5 2. c4 e6 3. Nc3 a6 4. cxd5 exd5 5. Nf3 Nf6 6. Qc2 h6 7. Bf4 Bd6 8. Bg3 Nc6 9. e3 O-O 10. a3 Re8 11. Be2 Bg4 12. O-O Bxf3 13. Bxf3 Bxg3 14. hxg3 Ne7 15. b4 Nc8 16. a4 Nb6 17.
Qb3 c6 18. b5 cxb5 19. axb5 a5 20. Ra2 Qd6 21. Rfa1 Qb4 22. Qxb4 axb4 23. Nxd5 Nfxd5 24.
Rxa8 Rxa8 25. Rxa8+ Nxa8 26. Bxd5 Nc7 27. Bc4 Ne8 28.
Kf1 Nd6 29. Bd3 b3 30. Ke2 b2 31. Kd2 Nxb5 32. Kc2 Nd6 33. Kxb2 Kf8 34. e4 Ke7 35. Kc3 f6 36. e5 fxe5 37. dxe5 Nf7 38. Kd4 Nd8 39. f4 Ne6+ 40. Kd5 Nc7+ 41. Kc5 Ne6+ 42. Kb6 h5 43. f5 Nf8 44. Kc5 b6+ 45.
Kd5 Nd7 46. Be2 b5 47. Bxb5 Nf8 48. Be2 Nh7 49. Bxh5 Nf8 50. g4 Nh7 51. Bg6 Ng5 52.
Kd4 Kd7 53. Ke3 1-0

[Event "*** SCC Grand Prix: Titled Tuesday Blitz"]
[Site "Chess.com"]
[Date "2020.06.09"]
[Round "9"]
[White "LionTheLeon_06"]
[Black "arminmusovic"]
[Result "1-0"]
[WhiteElo "2690"]
[BlackElo "2542"]
[TimeControl "180+1"]
[EndTime "10:46:49 PDT"]
[Termination "LionTheLeon_06 won by resignation"]

1. d4 d5 2. c4 c5 3. cxd5 e6 4. dxe6 Bxe6 5. Nf3 Nf6 6. Nc3 Nc6 7. dxc5 Qxd1+ 8.
Nxd1 Nb4 9. Ne3 Bxa2 10. Bd2 Bxc5 11. g3 Ne4 12. Rc1 b6 13. Bg2 Rd8 14. Bc3 O-O 15. O-O Rfe8 16. Bxb4 Bxb4 17. Ra1 Bb3 18. Rxa7 Bc5 19. Ng4 h5 20. Nge5 Nxf2 21. Rxf2 Rd1+ 22.
Bf1 f6 23. Nd3 Be3 24. Kg2 b5 25. Rb7 Bc4 26. Nf4 g5 27. Nxh5 g4 28. Nxf6+ Kf8 29.
Nh7+ Kg8 30. Nf6+ Kf8 31. Nxe8 Bxf2 32. Kxf2 gxf3 33. Nf6 fxe2 34. Bxe2 Rd2 35. Nh7+ Ke8 36. Nf6+ Kf8 37. g4 Rxe2+ 38. Kg3 Rxb2 39. g5 Rb3+ 40.
Kf4 Rh3 41. g6 Rh4+ 42. Kg5 Rg4+ 1-0

[Event "*** SCC Grand Prix: Titled Tuesday Blitz"]
[Site "Chess.com"]
[Date "2020.06.09"]
[Round "9"]
[White "ARTHURMOTIVATOR"]
[Black "chessmaugli"]
[Result "1-0"]
[WhiteElo "2295"]
[BlackElo "2386"]
[TimeControl "180+1"]
[EndTime "10:46:49 PDT"]
[Termination "ARTHURMOTIVATOR won by resignation"]

1. e4 c5 2. b3 Nc6 3. Bb2 e5 4.
Bb5 d6 5. Bxc6+ bxc6 6. Ne2 Nf6 7. d3 Be7 8. O-O O-O 9. h3 Re8 10. Nd2 Bf8 11. f4 Nd7 12. Nf3 f6 13. Qe1 g6 14.
Qg3 Bg7 15. Rf2 Nf8 16. Raf1 Ne6 17. Bc1 Nd4 18. Nexd4 cxd4 19. h4 Qd7 20. Nh2 Qf7 21. Ng4 h5 22. Nh2 Kh7 23. Qf3 a5 24. g4 hxg4 25.
Nxg4 Bxg4 26. Qxg4 a4 27. f5 Rg8 28. Kh1 axb3 29.
axb3 Ra7 30. Rg2 Bh6 31. fxg6+ Qxg6 32. Qxg6+ Rxg6 33. Rxg6 Kxg6 34. Bxh6 Kxh6 35. Rxf6+ Kh5 36. Rxd6 Kxh4 37. Kg2 Kg4 38. Rg6+ Kf4 39. Rf6+ Ke3 40. Rxc6 Rg7+ 41. Kh3 Rg1 42. Rc5 Kf3 43. Kh2 Rc1 44.
b4 Kf4 45. Kg2 Rb1 46. b5 Ke3 47. Rxe5 Rb2 48. Rc5 Kf4 49. Kf2 1-0

[Event "*** SCC Grand Prix: Titled Tuesday Blitz"]
[Site "Chess.com"]
[Date "2020.06.09"]
[Round "9"]
[White "BJthechessgod"]
[Black "XiaoKangZhong"]
[Result "0-1"]
[WhiteElo "2161"]
[BlackElo "2401"]
[TimeControl "180+1"]
[EndTime "10:46:49 PDT"]
[Termination "XiaoKangZhong won on time"]

1. d4 Nf6 2. c4 g6 3. Nc3 d5 4. cxd5 Nxd5 5. e4 Nxc3 6. bxc3 Bg7 7. Bc4 c5 8. Be3 O-O 9. Ne2 Nc6 10. O-O Qc7 11.
d5 Ne5 12. Bd3 c4 13. Bc2 Ng4 14. Bf4 Be5 15. Bxe5 Qxe5 16. Ng3 Qxc3 17. Rc1 Qa5 18. h3 Nf6 19. Qd4 Rd8 20. Qxc4 Bd7 21. Bd3 Rac8 22.
Qd4 b6 23. Bc4 Bb5 24. Bxb5 Qxb5 25. Qe5 Qd7 26. Ne2 Qd6 27. Qxd6 exd6 28. f3 Rc5 29. Rxc5 dxc5 30. Rd1 Kf8 31. Nc3 Nd7 32. Kf2 a6 33.
Ke3 b5 34. f4 f6 35. d6 Kf7 36. Nd5 c4 37. Nc7 Nc5 38. e5 fxe5 39. fxe5 c3 40. Rf1+ Kg7 41. Kd4 Rf8 42. Rxf8 Kxf8 43. Kxc5 c2 44. Ne6+ Kf7 45. Ng5+ Kg7 46. Ne6+ Kh6 47.
d7 c1=Q+ 0-1

[Event "*** SCC Grand Prix: Titled Tuesday Blitz"]
[Site "Chess.com"]
[Date "2020.06.09"]
[Round "9"]
[White "amiralfio"]
[Black "MisiekZielony"]
[Result "1-0"]
[WhiteElo "2372"]
[BlackElo "2143"]
[TimeControl "180+1"]
[EndTime "10:46:49 PDT"]
[Termination "amiralfio won by checkmate"]

1. d4 d5 2. Bf4 Nf6 3. e3 c5 4. Nc3 cxd4 5. exd4 Nc6 6. Nb5 Bg4 7. f3 Nh5 8. Bc7 Qd7 9. fxg4 Nf6 10. g5 Ne4 11. Bf4 Rc8 12. Nf3 e6 13. Bd3 a6 14.
Nc3 Bb4 15. O-O Nxc3 16. bxc3 Bxc3 17. Rb1 O-O 18. Bxh7+ Kxh7 19. Qd3+ Kg8 20. Qxc3 Ne7 21. Qd3 b5 22. Ne5 Qa7 23. g6 f6 24. Qh3 Nxg6 25.
Nxg6 Kf7 26. Nh4 Rh8 27. Qg3 Qd7 28. Kh1 Rce8 29. Be3 Kg8 30. Nf3 Qf7 31. a4 b4 32.
Rxb4 Re7 33. Rb6 e5 34. Rfb1 e4 35. Rb8+ Kh7 36. Qh3+ Kg6 37. Qxh8 exf3 38. gxf3 Qe6 39. Rg1+ Kf7 40. Qg8# 1-0

[Event "*** SCC Grand Prix: Titled Tuesday Blitz"]
[Site "Chess.com"]
[Date "2020.06.09"]
[Round "9"]
[White "Irishchessman16"]
[Black "von_Eschenbach"]
[Result "1-0"]
[WhiteElo "2463"]
[BlackElo "2289"]
[TimeControl "180+1"]
[EndTime "10:46:50 PDT"]
[Termination "Irishchessman16 won on time"]

1. e4 c5 2. Nf3 e6 3. d4 cxd4 4. Nxd4 Nc6 5. Nb5 d6 6. c4 Nf6 7. N1c3 a6 8. Na3 b6 9. Be2 Bb7 10. O-O Be7 11. Be3 Ne5 12. f4 Ned7 13. Bf3 Qc7 14. Rc1 O-O 15. Qe2 Rfe8 16. Rfd1 Bf8 17.
g4 h6 18. Qg2 g6 19. h4 Rad8 20. Nc2 Qb8 21. Kf2 d5 22. e5 Ne4+ 23. Nxe4 dxe4 24.
Bxe4 Bxe4 25. Qxe4 Nc5 26. Bxc5 Bxc5+ 27. Kf3 Be7 28.
g5 h5 29. Nd4 Qc7 30. Qc6 Qa7 31. Qe4 Bc5 32. Nc6 Rxd1 33. Rxd1 Qc7 34. b4 Bf8 35. a4 Rc8 36. b5 axb5 37. cxb5 Bc5 38. Rd3 Kg7 39.
Qc4 Qb7 40. a5 Rxc6 41. a6 Qa8 42.
bxc6 Qxc6+ 43. Qe4 Qb5 44. a7 Qb2 45. Qe2 Qa1 46. Rd7 Qa3+ 47. Kg2 Qa1 48. Qd1 Qa2+ 49. Qd2 Qa3 50. Qd3 1-0

[Event "*** SCC Grand Prix: Titled Tuesday Blitz"]
[Site "Chess.com"]
[Date "2020.06.09"]
[Round "9"]
[White "Xeniya2005"]
[Black "ShahMatKanal"]
[Result "0-1"]
[WhiteElo "2306"]
[BlackElo "2467"]
[TimeControl "180+1"]
[EndTime "10:46:51 PDT"]
[Termination "ShahMatKanal won on time"]

1. e4 c5 2. Be2 g6 3. f4 d5 4. d3 Bg7 5. Nf3 Nc6 6. O-O Bg4 7. c3 dxe4 8. dxe4 Qc7 9. Qc2 Nf6 10. Be3 b6 11.
Nbd2 O-O 12. Rae1 Rfd8 13. h3 Bxf3 14. Nxf3 Nh5 15. e5 Ng3 16. Rf2 Nxe2+ 17. Qxe2 e6 18. Rff1 Rd7 19. Bf2 Ne7 20. Ng5 Rad8 21. Ne4 c4 22. Bh4 h6 23. Bxe7 Rxe7 24. Nd6 b5 25. Kh2 a6 26. Rd1 Red7 27. Ne4 Rxd1 28. Rxd1 Rd5 29. Rxd5 exd5 30. Nd6 Qe7 31. g3 f6 32.
Qd2 Qe6 33. Nb7 fxe5 34. fxe5 Bxe5 35. Qe3 Qe7 36. Nc5 Bd6 37. Qxe7 Bxe7 38. Nd7 Kf7 39. Nb8 a5 40. Nc6 b4 0-1

[Event "*** SCC Grand Prix: Titled Tuesday Blitz"]
[Site "Chess.com"]
[Date "2020.06.09"]
[Round "9"]
[White "Pomegranate988"]
[Black "Biranidun"]
[Result "1/2-1/2"]
[WhiteElo "2570"]
[BlackElo "2727"]
[TimeControl "180+1"]
[EndTime "10:46:56 PDT"]
[Termination "Game drawn by repetition"]

1. d4 Nf6 2. c4 g6 3. Nc3 d5 4. cxd5 Nxd5 5. Nf3 Bg7 6. g3 O-O 7.
Bg2 Nb6 8. O-O Nc6 9. e3 e5 10. d5 Na5 11. e4 c6 12. Bg5 f6 13. Be3 cxd5 14. Bxb6 Qxb6 15. Nxd5 Qd8 16. b4 Nc6 17. b5 Ne7 18. Nd2 Be6 19. Nc4 Qd7 20. Nce3 Rfd8 21. Qa4 Nxd5 22. exd5 Bf7 23. Rfd1 f5 24. d6 e4 25.
Rac1 Qe6 26. Rc7 Rxd6 27. Rxd6 Qxd6 28. Rxb7 Bd4 29. Bf1 Rc8 30. Qd1 Qc5 31. Qd2 Be6 32. a4 Qc3 33. Qxc3 Rxc3 34. a5 Ra3 35. a6 Rc3 36. Kg2 g5 37. Re7 Bxe3 38. fxe3 Rc2+ 39. Kg1 Bd5 40. Rxa7 Rc1 41. Kf2 Rc2+ 42. Ke1 Rc1+ 43. Kf2 Rc2+ 44. Kg1 Rc1 45. Kf2 1/2-1/2

[Event "*** SCC Grand Prix: Titled Tuesday Blitz"]
[Site "Chess.com"]
[Date "2020.06.09"]
[Round "9"]
[White "Dinamo81"]
[Black "RaphCamora"]
[Result "1-0"]
[WhiteElo "2649"]
[BlackElo "2489"]
[TimeControl "180+1"]
[EndTime "10:46:56 PDT"]
[Termination "Dinamo81 won by checkmate"]

1. d4 d5 2. Bf4 Nf6 3. e3 c5 4. Nc3 a6 5. dxc5 e6 6. Na4 Bxc5 7. Nxc5 Qa5+ 8. c3 Qxc5 9. Nf3 O-O 10. Bd3 Nc6 11.
O-O Qe7 12. Ne5 Nxe5 13. Bxe5 Nd7 14. Bg3 Nc5 15. Bc2 b5 16. Qh5 g6 17. Qh6 Bb7 18.
Rad1 e5 19. h4 f6 20. Rd2 Rad8 21. Rfd1 Rd7 22. e4 dxe4 23. Rxd7 Nxd7 24. Bb3+ Rf7 25.
Qd2 Nc5 26. Bxf7+ Kxf7 27. Qd6 Qxd6 28. Rxd6 Ke7 29. Rb6 Bd5 30. h5 g5 31. h6 Bxa2 32. b4 Na4 33. Rb7+ Kf8 34. Rxh7 Nxc3 35. Rc7 Nd5 36. h7 Nxc7 37. h8=Q+ Ke7 38. Qc8 Bf7 39. Qxc7+ Kf8 40. Qd6+ Kg7 41. Qxa6 Kg6 42. Qd6 Kg7 43. Bxe5 Kg6 44. Qxf6+ Kh5 45. Qxf7+ Kg4 46. Qd5 Kh4 47. Bg3+ Kh5 48. Qxe4 Kh6 49. Qe6+ Kh5 50. Qf7+ Kh6 51. Be5 g4 52. Bf4# 1-0

[Event "*** SCC Grand Prix: Titled Tuesday Blitz"]
[Site "Chess.com"]
[Date "2020.06.09"]
[Round "9"]
[White "jonaszmb"]
[Black "Nor1lsk"]
[Result "1-0"]
[WhiteElo "2447"]
[BlackElo "2586"]
[TimeControl "180+1"]
[EndTime "10:46:56 PDT"]
[Termination "jonaszmb won by resignation"]

1. d4 g6 2. c4 Bg7 3. Nf3 c5 4. d5 d6 5. g3 e6 6. Bg2 exd5 7.
cxd5 Ne7 8. O-O O-O 9. Nc3 Nd7 10. e4 a6 11. a4 h6 12. Re1 g5 13. h4 g4 14. Nd2 Ne5 15. Ne2 f5 16. Nf4 Qe8 17.
exf5 Nxf5 18. Nc4 Nd4 19. Nxe5 Bxe5 20. Ne6 Bxe6 21. dxe6 Qxe6 22. Bf4 Qf5 23. Be4 Qf6 24. Qxg4+ Kh8 25. Bxe5 dxe5 26. Rf1 Rad8 27. Bxb7 Rf7 28.
Be4 Rg7 29. Qh5 Rdg8 30. Ra3 c4 31. Kh2 Ne6 32. Rf3 Nf4 33. gxf4 exf4 34. Qf5 Rg2+ 35.
Kh1 Qg7 36. Rg3 fxg3 37. Bxg2 gxf2 38. Rxf2 Re8 39. Qf6 Re1+ 40. Kh2 Qxf6 41. Rxf6 Re2 42. Rxh6+ Kg7 43. Rb6 a5 44. Kg3 c3 45. bxc3 Re3+ 46.
Bf3 Rxc3 47. Rb5 Rc4 48. Rxa5 Rb4 49. Ra6 Kf7 50. a5 Ke7 51. Ra7+ Kd6 52. a6 Ke5 53. Ra8 Ra4 54. a7 Kf6 55. Rf8+ 1-0

[Event "*** SCC Grand Prix: Titled Tuesday Blitz"]
[Site "Chess.com"]
[Date "2020.06.09"]
[Round "9"]
[White "AttilaTurzo"]
[Black "PowerThinking2650"]
[Result "1/2-1/2"]
[WhiteElo "2479"]
[BlackElo "2329"]
[TimeControl "180+1"]
[EndTime "10:46:56 PDT"]
[Termination "Game drawn by repetition"]

1. e4 e5 2. Nf3 Nc6 3. Bb5 a6 4. Ba4 Nf6 5. O-O Be7 6. Re1 b5 7. Bb3 d6 8. c3 O-O 9. h3 Bb7 10. d4 Re8 11. Nbd2 Bf8 12. Bc2 h6 13. d5 Ne7 14. b3 c6 15. c4 c5 16. Bd3 b4 17. a3 a5 18. Nf1 Ng6 19. g3 Qd7 20. Kg2 Bc8 21. Ng1 Bb7 22. a4 Nh7 23. h4 Ne7 24. h5 Nf6 25. Ne3 Kh8 26. f4 Bc8 27.
Ra2 Ng4 28. Be2 Nxe3+ 29. Bxe3 exf4 30. gxf4 f5 31. e5 dxe5 32. fxe5 Bb7 33. Bf3 Ng8 34. Bf4 Qf7 35. Ne2 Rad8 36. Ng3 Be7 37. d6 Bg5 38.
Qc1 Bxf3+ 39. Kxf3 Bh4 40. Rh1 Bxg3 41. Kxg3 Nf6 42.
exf6 Qxf6 43. Rd2 Re4 44. Qb2 Rxf4 45. Kxf4 Qg5+ 46. Kf3 Qg4+ 47. Kf2 Qf4+ 48. Kg1 Qg3+ 49. Rg2 Qe1+ 50. Kh2 Qh4+ 51. Kg1 Qe1+ 52. Kh2 Qh4+ 53. Kg1 Qe1+ 1/2-1/2

[Event "*** SCC Grand Prix: Titled Tuesday Blitz"]
[Site "Chess.com"]
[Date "2020.06.09"]
[Round "9"]
[White "GOGIEFF"]
[Black "Bigfish1995"]
[Result "0-1"]
[WhiteElo "2909"]
[BlackElo "3002"]
[TimeControl "180+1"]
[EndTime "10:46:57 PDT"]
[Termination "Bigfish1995 won on time"]

1. d4 Nf6 2. c4 g6 3. Nc3 Bg7 4. e4 d6 5. f3 O-O 6. Nge2 c5 7. d5 a6 8. a4 e6 9. Ng3 exd5 10. cxd5 h5 11.
Bg5 Qa5 12. Be2 Nh7 13. Bd2 h4 14. Nf1 f5 15. Ne3 Qd8 16. exf5 Bxf5 17. O-O Nd7 18. Kh1 Qe7 19. Nxf5 gxf5 20. f4 Nhf6 21. Qc2 Rae8 22.
Qxf5 Ne4 23. Qxe4 Qxe4 24. Nxe4 Rxe4 25. Bg4 Nb6 26. Be6+ Kh7 27. f5 Bf6 28. Bf4 Rd8 29. g4 hxg3 30. hxg3 Re2 31. Rae1 Rc2 32. Rg1 Kg7 33. Rg2 Rh8+ 34. Kg1 Bd4+ 35. Be3 Bxe3+ 36. Rxe3 Rc1+ 37. Kf2 Nc4 38. Rc3 Rxc3 39. bxc3 b5 40. axb5 axb5 41. g4 b4 42. cxb4 cxb4 43. g5 b3 44. Rg3 Rb8 45. f6+ Kg6 0-1

[Event "*** SCC Grand Prix: Titled Tuesday Blitz"]
[Site "Chess.com"]
[Date "2020.06.09"]
[Round "9"]
[White "Msb2"]
[Black "MikaelyanArman"]
[Result "0-1"]
[WhiteElo "2834"]
[BlackElo "2776"]
[TimeControl "180+1"]
[EndTime "10:46:57 PDT"]
[Termination "MikaelyanArman won by resignation"]

1. d4 b6 2. c4 Bb7 3. Nc3 e6 4. e4 Bb4 5. Qc2 Ne7 6. Bd3 O-O 7. Ne2 Nbc6 8. a3 Bxc3+ 9. Qxc3 d5 10. cxd5 exd5 11. e5 f6 12. exf6 Rxf6 13. O-O Qd6 14. Bg5 Rf7 15. Rae1 Raf8 16. Ng3 h6 17. Bc1 Ng6 18.
b4 Nf4 19. b5 Nxd3 20. Qxd3 Na5 21. Bd2 Qf6 22. Bb4 Rd8 23. Bxa5 bxa5 24. Re5 c6 25. Nh5 Qd6 26. a4 cxb5 27. axb5 a4 28. Qg3 Rdf8 29. f4 a3 30. Qc3 g6 31. Ng3 Rxf4 32. Rxf4 Rxf4 33.
Ne2 Re4 34. Rxe4 dxe4 35. Nc1 Bd5 36. Qa5 Qb6 37. Qxa3 Qxd4+ 38. Kf1 Bc4+ 39. Ke1 Qg1+ 40. Kd2 Qxg2+ 41. Kc3 Qf3+ 42. Kb4 Qxa3+ 43. Kxa3 Bxb5 44. Kb4 Bd3 45. Kc5 Kf7 46. Kd4 Kf6 47. Nb3 Kf5 48. Nc5 Kf4 49. Ne6+ Kf3 50. h4 a5 51. h5 gxh5 52.
Ng7 h4 53. Nh5 h3 0-1

[Event "*** SCC Grand Prix: Titled Tuesday Blitz"]
[Site "Chess.com"]
[Date "2020.06.09"]
[Round "9"]
[White "harlem4brew"]
[Black "Grieve72"]
[Result "1-0"]
[WhiteElo "2225"]
[BlackElo "2366"]
[TimeControl "180+1"]
[EndTime "10:46:57 PDT"]
[Termination "harlem4brew won on time"]

1. e4 c5 2. Nf3 e6 3. d4 cxd4 4. Nxd4 Nc6 5. Nc3 Qc7 6. Be3 a6 7. Be2 Nf6 8. O-O Bb4 9. Bf3 Ne5 10. a3 Bd6 11. g3 Nc4 12. Bc1 Be5 13. Nde2 g5 14.
Bg2 g4 15. b3 Na5 16. Bb2 b5 17. Qd2 Bb7 18. Qg5 Rg8 19. Qh4 O-O-O 20. Rab1 Nc6 21. Rfd1 h5 22. a4 b4 23. Nd5 exd5 24. exd5 Ne7 25.
d6 Qc5 26. Bxb7+ Kxb7 27. dxe7 Qxe7 28. Bxe5 Qxe5 29. Nf4 d5 30. Nd3 Qf5 31. Re1 Rde8 32.
Nc5+ Kc6 33. Nd3 Nd7 34. Nxb4+ Kb7 35. Re7 f6 36. Rbe1 Rxe7 37. Rxe7 Kc8 38. Re2 Ne5 39. Kf1 Nf3 40. Nxa6 Nxh4 41. gxh4 Rg7 42. Nc5 1-0

[Event "*** SCC Grand Prix: Titled Tuesday Blitz"]
[Site "Chess.com"]
[Date "2020.06.09"]
[Round "9"]
[White "Pavel_Mir"]
[Black "Bastiandash"]
[Result "1-0"]
[WhiteElo "2292"]
[BlackElo "2165"]
[TimeControl "180+1"]
[EndTime "10:46:57 PDT"]
[Termination "Pavel_Mir won by checkmate"]

1. e4 c5 2. Nf3 e6 3. d4 cxd4 4. Nxd4 a6 5. Bd3 Bc5 6. Be3 Qb6 7. c3 Nc6 8. Nd2 Nxd4 9. Nc4 Qc7 10. cxd4 Bb4+ 11.
Bd2 Bxd2+ 12. Qxd2 b5 13. Qg5 bxc4 14. Qxg7 cxd3 15.
Qxh8 Qa5+ 16. Kf1 Qg5 17. h4 Qg6 18. Rh3 d2 19. Rg3 Qh5 20. Rxg8+ Ke7 21. Re8+ Kd6 22. Qe5+ Qxe5 23. dxe5+ Kxe5 24. f3 a5 25. Kf2 Rb8 26. Rd1 a4 27. Rxd2 Ra8 28. Ke3 Bb7 29. Rxa8 Bxa8 30. a3 Kf6 31. Rd4 Bc6 32. Rc4 Bb5 33.
Rb4 Bc6 34. b3 axb3 35. Rxb3 d5 36. Rb4 dxe4 37. fxe4 Ke5 38. a4 f5 39. exf5 exf5 40. g3 f4+ 41. gxf4+ Kf5 42. Rb6 Ba8 43. a5 Bh1 44. a6 h5 45. a7 Kg4 46. Rb8 Kh3 47.
a8=Q Bxa8 48. Rxa8 Kg3 49. Rg8+ Kxh4 50. f5 Kh3 51. f6 h4 52. f7 Kh2 53. f8=Q h3 54.
Qf2+ Kh1 55. Qg1# 1-0

[Event "*** SCC Grand Prix: Titled Tuesday Blitz"]
[Site "Chess.com"]
[Date "2020.06.09"]
[Round "9"]
[White "Arkady_Gitelson"]
[Black "Twitch_ElhamBlitz05"]
[Result "0-1"]
[WhiteElo "2547"]
[BlackElo "2751"]
[TimeControl "180+1"]
[EndTime "10:46:58 PDT"]
[Termination "Twitch_ElhamBlitz05 won by resignation"]

1. e4 c6 2. d4 d5 3. exd5 cxd5 4. Bd3 Nf6 5. h3 g6 6. c3 Bg7 7. Nf3 O-O 8. O-O Nc6 9. Bf4 Bf5 10. Qc2 Bxd3 11.
Qxd3 a6 12. Nbd2 e6 13. b4 Rc8 14. a4 Ne7 15. Nb3 Ne4 16. Nc5 b6 17. Nxe4 dxe4 18.
Qxe4 Rxc3 19. Rfc1 Rxc1+ 20. Rxc1 Nd5 21. Bd2 Qd7 22. Qc2 Rd8 23. Ne5 Qd6 24. Qb2 Ne7 25. Be3 Qd5 26. Qe2 a5 27. bxa5 bxa5 28. Rc5 Qe4 29.
Rxa5 Nf5 30. Qf3 Qxf3 31. Nxf3 Nxd4 32. Nxd4 Bxd4 33. Bxd4 Rxd4 34. Ra8+ Kg7 35. a5 Rd1+ 36. Kh2 Rd2 37. Kg3 Ra2 38. f4 Ra3+ 39. Kf2 h6 40. a6 g5 41. fxg5 hxg5 42. a7 Kf6 43. g4 Ke5 44. Rg8 Rxa7 45. Rxg5+ Kf4 46. Rb5 Ra2+ 47.
Kg1 e5 48. Rb7 Kg3 49. Rb3+ Kf4 50. Rb7 f6 51. Rf7 e4 52. Rxf6+ Kg3 53. g5 e3 54. Rf1 e2 55. Re1 Rd2 0-1

[Event "*** SCC Grand Prix: Titled Tuesday Blitz"]
[Site "Chess.com"]
[Date "2020.06.09"]
[Round "9"]
[White "1f3_2g41-0"]
[Black "Julianos82"]
[Result "0-1"]
[WhiteElo "2213"]
[BlackElo "2388"]
[TimeControl "180+1"]
[EndTime "10:47:00 PDT"]
[Termination "Julianos82 won by checkmate"]

1. e4 c5 2. Nf3 b6 3. Nc3 Bb7 4. Bc4 e6 5. O-O a6 6. a4 Qc7 7.
Re1 Nc6 8. d3 Nge7 9. Bg5 f6 10.
Bh4 Ng6 11. Bg3 Bd6 12. Nh4 Nxh4 13. Bxh4 Bxh2+ 14. Kh1 Be5 15. Qh5+ g6 16. Qh6 O-O-O 17. Ne2 g5 18. Bg3 Rdg8 19. Kg1 Rg6 20. Qh3 h5 21. Bxe5 Qxe5 22. g3 Nd4 23. Nxd4 cxd4 24. b4 g4 25. Qh4 Kb8 26. Bb3 Ka7 27. Kg2 Qg5 28. Rh1 Qd2 29.
Rad1 Qxb4 30. Bc4 f5 31. Rb1 Qd6 32. Rhf1 fxe4 33. Kg1 exd3 34. Bxd3 Qd5 35. Qh2 h4 36. gxh4 g3 37. fxg3 Rg7 38. Rf4 e5 39. Be4 Qc5 40. Bxb7 exf4 41. Bg2 Rxg3 42. Qh1 d3+ 43. Kf1 Rhg8 44.
cxd3 Qe3 45. Rc1 Qxd3+ 46. Ke1 Re8+ 47. Kf2 Re2+ 48. Kg1 Qe3+ 49. Kh2 Rh3# 0-1

[Event "*** SCC Grand Prix: Titled Tuesday Blitz"]
[Site "Chess.com"]
[Date "2020.06.09"]
[Round "9"]
[White "FrogMist"]
[Black "Siniauski"]
[Result "1-0"]
[WhiteElo "2399"]
[BlackElo "2499"]
[TimeControl "180+1"]
[EndTime "10:47:01 PDT"]
[Termination "FrogMist won by resignation"]

1. e4 e6 2. d4 d5 3. Nc3 Nf6 4. e5 Nfd7 5. f4 c5 6. Nf3 Nc6 7. Be3 a6 8. Qd2 b5 9. Nd1 Qb6 10. c3 b4 11. Be2 a5 12. O-O Ba6 13. Bxa6 Rxa6 14. f5 exf5 15. Ng5 g6 16. e6 fxe6 17. Nxe6 c4 18. Bg5 h6 19. Nxf8 Nxf8 20. Bxh6 Kd7 21.
Ne3 Ne7 22. Bg5 Qd6 23. Bf4 Qc6 24. Rae1 Ne6 25. Be5 Rh7 26. cxb4 axb4 27. Qxb4 Qb6 28. Nc2 Qxb4 29. Nxb4 Rb6 30. a3 Rh4 31. Bf6 Rxb4 32. axb4 Re4 33. Rxe4 dxe4 34. Rc1 Nd5 35. Be5 Nb6 36. Kf2 Kc6 37. b3 Kd5 38. bxc4+ Nxc4 39. Ra1 f4 40. Ra6 g5 41. b5 e3+ 42. Ke2 Nd8 43. Rg6 Nb7 44. Rxg5 Ke4 45. Rg4 Nxe5 46. dxe5 Kxe5 47. g3 fxg3 48. Rxg3 Nd6 49. Rxe3+ Kf4 50.
b6 Nb7 51. Re7 Nc5 52. b7 Na6 53. Re8 1-0

[Event "*** SCC Grand Prix: Titled Tuesday Blitz"]
[Site "Chess.com"]
[Date "2020.06.09"]
[Round "9"]
[White "kot60"]
[Black "cukus"]
[Result "0-1"]
[WhiteElo "2353"]
[BlackElo "2467"]
[TimeControl "180+1"]
[EndTime "10:47:01 PDT"]
[Termination "cukus won on time"]

1. e4 c6 2. d4 d5 3. f3 e6 4. Nd2 Bb4 5. c3 Ba5 6. Bd3 Ne7 7. Ne2 Nd7 8. O-O Bc7 9. e5 f6 10.
f4 f5 11. Kh1 c5 12. Rg1 Nf8 13. g4 Nfg6 14. Qf1 Bd7 15. Nf3 Bc6 16. Qh3 Qd7 17. Ng5 Rf8 18. Nxh7 Rh8 19. gxf5 exf5 20. Qh5 O-O-O 21. Rxg6 Nxg6 22. Bxf5 Nf8 23. Bxd7+ Bxd7 24. Qg5 Rxh7 25. Be3 Ne6 26. Qg3 Rdh8 27. Bg1 Rh4 28. f5 Nxd4 29. cxd4 Bxf5 30. Nc3 cxd4 31.
Rf1 Bg4 32. Nxd5 Bd7 33. Rf8+ Rxf8 34. Qxh4 Bc6 35. Qe4 Kb8 36. Qxd4 Rd8 37. Qxa7+ Kc8 38. Bb6 Rxd5 39. Kg1 Bxe5 40. Qa8+ Kd7 41. Qd8+ Ke6 42. Qg8+ Kf6 43. Bd8+ Kf5 44. Qf7+ Bf6 45. Bxf6 gxf6 46. Qh5+ Ke6 47. Qe2+ Kf7 48. Qc4 f5 0-1